 Dungeon Crawl Stone Soup version 0.30-a0-782-ge64f9170bb (webtiles) character file.

Game seed: 2725479421136700126

5044 Dirian the Protected (level 10, -9/88 HPs)
             Began as a Minotaur Fighter on Mar 16, 2023.
             Was an Elder of Zin.
             Mangled by a white ugly thing (33 damage)
             ... on level 8 of the Dungeon.
             The game lasted 00:15:38 (7875 turns).

Dirian the Protected (Minotaur Fighter)             Turns: 7875, Time: 00:15:39

Health: -9/88      AC: 23    Str: 23    XL:     10   Next: 30%
Magic:  11/11      EV:  9    Int:  8    God:    Zin [****..]
Gold:   405        SH: 11    Dex: 12    Spells: 9/9 levels left

rFire   + . .      SeeInvis .    a - +1 long sword (spect)
rCold   . . .      Faith    .    c - +1 buckler
rNeg    . . .      Spirit   .    F - +6 scale mail of the Equinox {Will+ Int+3 Stlth+}
rPois   .          Reflect  +    (helmet restricted)
rElec   .          Harm     .    n - +0 cloak
rCorr   .          Rampage  .    l - +0 pair of gloves
Will    +....                    E - +0 pair of boots
Stlth   +                        i - amulet of reflection
HPRegen 0.34/turn                v - ring of protection from fire
MPRegen 0.12/turn                y - +4 ring of protection

@: studying Armour
A: horns 2, retaliatory headbutt
a: Renounce Religion, Recite, Vitalisation, Imprison, Donate Gold


You were on level 8 of the Dungeon.
You worshipped Zin.
Zin was greatly pleased with you.
You visited 1 branch of the dungeon, and saw 8 of its levels.
You also visited: Sewer.

You collected 449 gold pieces.
You donated 44 gold pieces to Zin.

Inventory:

Hand Weapons
 a - a +1 spectral long sword (weapon)
 h - a +0 scimitar
Missiles
 f - a throwing net (quivered)
Armour
 c - a +1 buckler (worn)
 l - a +0 pair of gloves (worn)
 n - a +0 cloak (worn)
 E - a +0 pair of boots (worn)
 F - the +6 scale mail of the Equinox (worn) {Will+ Int+3 Stlth+}
   (You found it on level 6 of the Dungeon)

   Int:       It affects your intelligence (+3).
   Will:      It increases your willpower.
   Stlth:     It makes you more stealthy.
Jewellery
 e - an amulet of faith
 i - an amulet of reflection (around neck)
 v - a ring of protection from fire (left hand)
 y - a +4 ring of protection (right hand)
Wands
 j - a wand of light (5)
 k - a wand of flame (37)
 q - a wand of roots (26)
 x - a wand of mindburst (9)
Scrolls
 b - a scroll of brand weapon
 o - 2 scrolls of silence
 r - a scroll of enchant armour
 s - 3 scrolls of fear
 t - 4 scrolls of teleportation
 z - 4 scrolls of blinking
 A - 3 scrolls of fog
Potions
 d - a potion of might
 g - 2 potions of berserk rage
 m - 3 potions of mutation
 u - 2 potions of cancellation
 w - 3 potions of heal wounds


   Skills:
 + Level 8.1 Fighting
 + Level 11.3 Long Blades
 + Level 11.8 Armour
 + Level 7.2 Shields
 * Level 3.8 Invocations
 * Level 3.3 Evocations


You had 9 spell levels left.
You didn't know any spells.
Your spell library contained the following spells:

 Spells                   Type           Power      Damage    Failure   Level
 Call Canine Familiar     Summ           0%         N/A       98%         3
 Kindle Blastsparks       Fire/Tloc/Air  0%         2d10      98%         3
 Portal Projectile        Hex/Tloc       0%         N/A       98%         3
 Summon Guardian Golem    Hex/Summ       0%         N/A       98%         3
 Vhi's Electric Charge    Tloc/Air       0%         N/A       98%         3
 Fulminant Prism          Conj/Hex       0%         3d5       100%        4
 Iskenderun's Mystic Bla  Conj/Tloc      0%         2d3       100%        4
 Leda's Liquefaction      Hex/Erth       0%         N/A       100%        4
 Arcjolt                  Conj/Air       0%         1d10      100%        5
 Lee's Rapid Deconstruct  Erth           0%         3d4*      100%        5
 Orb of Destruction       Conj           0%         9d5       100%        7
 Spellforged Servitor     Conj/Summ      0%         N/A       100%        7
 Maxwell's Capacitive Co  Air            0%         ∞         100%        8


Dungeon Overview and Level Annotations

Branches:
Dungeon (8/15) Zot: 26726  Temple (0/1) D:4           Sewer (visited)
   Lair: D:8-11

Altars:
Zin

Annotations:
D:7 3 runed translucent doors, UltraNumeron's ghost, novice SpEn


Innate Abilities, Weirdness & Mutations

You have a pair of horns on your head.
You reflexively headbutt those who attack you in melee.


Message History

The ball of steam hits your +1 spectral long sword.
Your +1 spectral long sword resists.
Your spectral weapon shares its damage with you!
You hear an angry hiss.
You hit the steam dragon.
The steam dragon is severely wounded.
Your +1 spectral long sword hits the steam dragon!
You kill the steam dragon!
The steam dragon scales are intact enough to wear.
A hornet comes into view.
You closely miss the white ugly thing.
Your +1 spectral long sword barely misses the white ugly thing.
The white ugly thing is engulfed in a cloud of scalding steam.
You block the white ugly thing's attack.
You completely miss the white ugly thing.
Your headbutt misses the white ugly thing.
The white ugly thing is lightly wounded.
Your +1 spectral long sword barely misses the white ugly thing.
The hornet stings your +1 spectral long sword.
Your spectral weapon shares its damage with you!
A gnoll sergeant comes into view. It is wielding a +0 long sword.
The white ugly thing kicks you. The white ugly thing freezes you!!
You are too injured to fight recklessly!
You are too injured to fight recklessly!
You closely miss the white ugly thing. You headbutt the white ugly thing!
The white ugly thing is lightly wounded.
Your +1 spectral long sword hits the white ugly thing!
The hornet stings your +1 spectral long sword!
Your spectral weapon shares its damage with you!
The hornet barely misses your +1 spectral long sword.
You barely miss the white ugly thing.
The white ugly thing is moderately wounded.
Your +1 spectral long sword hits the white ugly thing!
The white ugly thing kicks you! The white ugly thing freezes you!!
The hornet misses your +1 spectral long sword.
The white ugly thing attacks as you move away!
The white ugly thing kicks you.
* * * LOW HITPOINT WARNING * * *
The white ugly thing freezes you!!
You die...

.# #### #.# # ## ...#
#.. ## .. #..## ##..
.# #. #..########..
.# #..###..#....##.#
.# #y(...#.##.(#.# [#
##u@....###...# .#
#g###.#.# #)#.######
.# #.
#..#.....#.......
^######## #
#..########..####.
........##
...##.....)...#
###.).#..##
...##..####....#
###...##..#######...#
######
....................#
.....################


You could see a white ugly thing, a hornet, a gnoll sergeant and a friendly +1
spectral long sword (summoned).

Vanquished Creatures
  Joseph (D:7)
  A cyclops (D:8)
  A wyvern (D:4)
  3 steam dragons
  Menkaure (D:7)
  2 swamp worms (D:7)
  An acid dragon (D:5)
  A water moccasin (D:5)
  2 orc warriors
  2 black bears
  5 ogres
  A centaur (D:6)
  2 phantoms
  4 bullfrogs
  A necrophage (D:6)
  2 scorpions
  8 wights (D:6)
  4 killer bees (D:5)
  2 howler monkeys
  2 hounds (D:5)
  5 orc priests
  4 jellies
  A gnoll bouda (D:8)
  Crazy Yiuf (D:3)
  4 orc wizards
  8 iguanas
  Robin (D:3)
  17 adders
  6 gnolls
  A shadow imp (D:8)
  3 white imps
  An ufetubus (D:6)
  4 worms
  2 dart slugs (D:1)
  27 orcs
  6 endoplasms
  15 giant cockroaches
  18 goblins
  5 hobgoblins
  4 jackals (D:5)
  8 kobolds
  11 quokkas
  5 ball pythons
  7 bats
  13 frilled lizards
  6 rats
229 creatures vanquished.

Vanquished Creatures (others)
  4 plants (D:7)
4 creatures vanquished.

Grand Total: 233 creatures vanquished

Notes
Turn   | Place    | Note
-------+----------+-------------------------------------------
     0 | D:1      | Dirian the Minotaur Fighter began the quest for the Orb.
     0 | D:1      | Reached XP level 1. HP: 19/19 MP: 0/0
   312 | D:1      | Reached XP level 2. HP: 21/27 MP: 1/1
   486 | D:1      | Reached XP level 3. HP: 33/33 MP: 2/2
   912 | D:2      | Found a glowing silver altar of Zin.
   938 | D:2      | Became a worshipper of Zin the Law-Giver
  1094 | D:2      | Reached XP level 4. HP: 39/41 MP: 3/3
  1345 | D:2      | Reached * piety under Zin
  1926 | D:3      | Noticed Robin
  1947 | D:3      | Reached XP level 5. HP: 26/47 MP: 4/4
  1947 | D:3      | Killed Robin
  2222 | D:3      | Reached ** piety under Zin
  2458 | D:3      | Found a runed translucent door.
  2459 | D:3      | Noticed Crazy Yiuf
  2550 | D:3      | Killed Crazy Yiuf
  2713 | D:4      | Reached skill level 5 in Long Blades
  2713 | D:4      | Reached skill level 5 in Armour
  2811 | D:4      | Reached XP level 6. HP: 55/55 MP: 5/5
  2835 | D:4      | Reached skill level 5 in Fighting
  2952 | D:4      | Identified the +2 falchion of Puckish Purpose {spect, rN+}
  3121 | D:4      | Found a staircase to the Ecumenical Temple.
  3227 | D:4      | Reached XP level 7. HP: 60/61 MP: 6/6
  3635 | D:4      | Noticed a wyvern
  3640 | D:4      | Killed a wyvern
  3641 | D:4      | Reached skill level 5 in Shields
  3803 | D:5      | Entered Level 5 of the Dungeon
  3836 | D:5      | Reached *** piety under Zin
  3843 | D:5      | Found a glowing drain.
  3865 | Sewer    | Entered a sewer
  4242 | D:5      | Reached XP level 8. HP: 58/70 MP: 7/7
  4411 | D:5      | HP: 2/71 [ogre/+0 giant club (15)]
  4412 | D:5      | Zin protects you from harm!
  5060 | D:6      | Identified the +6 scale mail of the Equinox {Will+ Int+3
                  | Stlth+}
  5092 | D:6      | Reached skill level 10 in Armour
  5092 | D:6      | Reached skill level 1 in Invocations
  5092 | D:6      | Reached XP level 9. HP: 78/78 MP: 8/8
  5148 | D:6      | Reached skill level 1 in Evocations
  5357 | D:6      | Reached **** piety under Zin
  5501 | D:6      | Reached skill level 10 in Long Blades
  6189 | D:7      | Noticed Menkaure
  6197 | D:7      | Killed Menkaure
  6420 | D:7      | Noticed Joseph
  6432 | D:7      | Killed Joseph
  6559 | D:7      | Reached XP level 10. HP: 64/88 MP: 11/11
  6699 | D:7      | Noticed UltraNumeron's ghost (novice SpEn)
  6703 | D:7      | Found a runed translucent gate.
  6703 | D:7      | Found a runed translucent gate.
  6703 | D:7      | Found a runed translucent gate.
  7819 | D:8      | Noticed a cyclops
  7824 | D:8      | Killed a cyclops
  7865 | D:8      | Noticed a white ugly thing
  7875 | D:8      | Mangled by a white ugly thing

Illustrated notes

Levels and vault maps discovered:
D:1:      dpeg_arrival_boxes_within_box, layout_basic
D:2:      layout_loops_ring, basic_altar, chequers_serial_rivers_micro_e,
          hangedman_decor_push, item_on_display_a
D:3:      layout_basic, serial_corexii_hall, corexii_hall_statues_x,
          corexii_hall_statues_deadend, uniq_robin, uniq_crazy_yiuf_cottage
D:4:      layout_basic, minmay_temple_entry_offerings, minmay_manual_mullet
D:5:      layout_gridville, portal_sewer_entry_f
D:6:      layout_loops_ring
D:7:      layout_layer_cave, gammafunk_ghost_split, worms_lemuel, uniq_menkaure,
          uniq_joseph
D:8:      minmay_the_grid_octo_tiled_squarecenter
          [minmay_the_grid_octo_thin_diamonds, minmay_the_grid_octo_concentric,
          minmay_the_grid_octo_fan_narrow, minmay_the_grid_octo_pinwheel,
          minmay_the_grid_square_5x5_megaprize_crossed,
          minmay_the_grid_square_5x5_comb, minmay_the_grid_square_5x5_c,
          minmay_the_grid_square_5x5_v, minmay_the_grid_square_5x5_bite],
          layout_loops_ring, minmay_misc_feat_doors, minmay_orc_keep

Skill      XL: |  1  2  3  4  5  6  7  8  9 10 |
---------------+-------------------------------+-----
Fighting       | 4 5 6 7 8 |  8.1
Armour         | 4 5 7 10 11 | 11.8
Shields        | 4 5 6 7 |  7.2
Long Blades    | 3 4 5 6 7 9 10 11 | 11.3
Invocations    | 1 3 |  3.8
Evocations     | 2 3 |  3.3

Action                     |  1- 3 |  4- 6 |  7- 9 | 10-12 || total
---------------------------+-------+-------+-------+-------++-------
  Melee: Long sword        |    67 |   141 |   118 |    75 ||   401
         Headbutt          |    13 |    28 |    57 |    17 ||   115
         Falchion          |       |    11 |   160 |       ||   171
 Invoke: Recite            |       |       |     1 |       ||     1
         Vitalisation      |       |       |     1 |       ||     1
    Use: Scroll            |     3 |     4 |     8 |     1 ||    16
         Potion            |       |     1 |     3 |     6 ||    10
   Stab: Distracted        |       |       |     1 |       ||     1
 Armour: Scale mail        |    31 |    58 |    95 |    15 ||   199
  Dodge: Dodged            |    21 |    75 |    83 |    16 ||   195
  Block: Buckler           |    11 |    31 |    57 |    31 ||   130
         Reflection        |       |       |     2 |     1 ||     3

Table legend: (Time is in decaauts)
 A = Elapsed time spent in this place.
 B = Non-inter-level travel time spent in this place.
 C = Inter-level travel time spent in this place.
 D = Time resting spent in this place.
 E = Time spent auto-exploring this place.
 F = Levels seen in this place.
 G = Mean time per level.
                   A        B        C        D        E       F      G
               +--------+--------+--------+--------+--------+-----+--------+
         Total |   7998 |   7824 |    174 |    233 |   5943 |   9 |  888.7 |
       Dungeon |   7585 |   7411 |    174 |    233 |   5829 |   8 |  948.1 |
         Sewer |    413 |    413 |      0 |      0 |    113 |   1 |  413.0 |
               +--------+--------+--------+--------+--------+-----+--------+

Top non-repeatable levels by time:
     D:7: 1560 daAuts
     D:4: 1137 daAuts
     D:6: 976 daAuts
     D:2: 959 daAuts
     D:3: 942 daAuts
     D:5: 896 daAuts
     D:1: 838 daAuts
   Sewer: 413 daAuts
     D:8: 273 daAuts
